 Dungeon Crawl Stone Soup version 0.14-a0-2679-gcb94c3d (webtiles) character file.

3202 Psiweapon the Covert (level 9, 0/57 HPs)
             Began as a Vampire Enchanter on Feb 17, 2014.
             Was a Follower of Dithmenos.
             Killed from afar by Erolcha (20 damage)
             ... with a bolt of poison
             ... on Level 8 of the Dungeon on Feb 18, 2014.
             The game lasted 00:51:25 (8549 turns).

Psiweapon the Covert (Vampire Enchanter)            Turns: 8549, Time: 00:51:25

HP   0/57        AC  7     Str  9      XL: 9   Next: 51%
MP   6/14        EV 16     Int 18      God: Dithmenos [*.....]
Gold 267         SH  0     Dex 14      Spells:  4 memorised,  4 levels left

rFire  . . .     SeeInvis +     m - +2,+3 dwarf dagger
rCold  + . .     Clarity  .     b - +1 robe
rNeg   . . .     Conserve .     (no shield)
rPois  .         rCorr    .     v - +2 helmet
rElec  .         rRot     .     t - +0 cloak
SustAb . .       Spirit   .     (no gloves)
rMut   .         Warding  .     (no boots)
Saprov . . .     Stasis   .     (no amulet)
MR     .....                    (no ring)
                                y - ring of protection from cold

@: regenerating quickly, mildly poisoned, wreathed by umbra, not resistant to
hostile enchantments, extremely stealthy
A: bottle blood, fangs 3, see invisible, unbreathing
a: Bottle Blood, Renounce Religion


You were on level 8 of the Dungeon.
You worshipped Dithmenos.
Dithmenos was aware of your devotion.
You were full.

You visited 2 branches of the dungeon, and saw 10 of its levels.

You collected 267 gold pieces.

Inventory:

Hand weapons
 a - a +1,+0 dagger
 m - a +2,+3 dwarven dagger (weapon)
 o - a +1,+0 orcish dagger of holy wrath
 A - a +0,+0 cutlass
 E - a +1,+2 whip of flaming
Missiles
 d - 10 darts
 i - 4 sling bullets
 q - 5 needles of frenzy
 x - 5 tomahawks (quivered)
 C - 5 javelins
Armour
 b - a +1 robe (worn)
 t - a +0 cloak (worn)
 v - a +2 helmet (worn)
Magical devices
 n - a wand of frost (24)
 G - a wand of draining (1)
Scrolls
 e - a scroll of fear {unknown}
 j - 2 scrolls of fog
 k - 5 scrolls of remove curse
 l - 4 scrolls of identify
 p - a scroll of enchant armour
 s - a scroll of blinking {unknown}
 u - 2 scrolls of enchant weapon II
 w - a scroll of amnesia {unknown}
 D - a scroll of random uselessness {unknown}
 F - a scroll of curse weapon {unknown}
 H - a scroll of noise {unknown}
Jewellery
 y - a ring of protection from cold (left hand)
Potions
 f - a potion of mutation
 g - 3 potions of brilliance
 r - a potion of lignification
 B - a potion of cure mutation
Books
 c - a book of Maledictions

   Spells                             Type                      Level
   *Corona                            Hexes                        1
   *Sure Blade                        Hexes/Charms                 2
   *Ensorcelled Hibernation           Hexes/Ice                    2
   *Confuse                           Hexes                        3
   Enslavement                        Hexes                        4
   Invisibility                       Hexes                        6
 h - a book of Conjurations

   Spells                             Type                      Level
   Magic Dart                         Conjuration                  1
   Searing Ray                        Conjuration                  2
   Dazzling Spray                     Conjuration/Hexes            3
   Iskenderun's Mystic Blast          Conjuration                  4
   Iskenderun's Battlesphere          Conjuration/Charms           4
   Fulminant Prism                    Conjuration/Hexes            5
 I - a book of Wizardry

   Spells                             Type                      Level
   Summon Elemental                   Summoning                    4
   Agony                              Necromancy                   5
   Force Lance                        Conjuration                  5
   Fireball                           Conjuration/Fire             5
   Haste                              Charms                       6
   Invisibility                       Hexes                        6


   Skills:
 + Level 7.3 Short Blades
 - Level 0.7 Throwing
 + Level 7.5 Dodging
 + Level 10.5 Stealth
 - Level 2.0 Spellcasting
 + Level 10.4 Hexes


You had 4 spell levels left.
You knew the following spells:

 Your Spells              Type           Power        Failure   Level  Hunger
a - Corona                Hex            #####..      1%          1    #......
b - Ensorcelled Hibernat  Hex/Ice        ###...       3%          2    ##.....
c - Confuse               Hex            #####...     1%          3    ####...
d - Sure Blade            Hex/Chrm       ###.......   3%          2    ##.....


Dungeon Overview and Level Annotations

Branches:
Dungeon (9/16)             Temple (1/1) D:4
    Orc: D:9-12        Lair: D:8-11

Altars:
Ashenzari
Cheibriados
Dithmenos
Elyvilon
Fedhas
Kikubaaqudgha
Makhleb
Nemelex Xobeh
Okawaru
Sif Muna
Trog
Vehumet
Xom
Zin

Annotations:
D:5 CrazyArbalest's ghost, experienced DsHu; Sigmund
D:8 Erolcha


Innate Abilities, Weirdness & Mutations

Your natural rate of healing is unusually fast.
You can bottle blood from corpses.
You have razor-sharp teeth.*
You have supernaturally acute eyesight.
You can survive without breathing.*


Message History

You see here a ring mail.
Erolcha gestures at you while chanting. You resist.
The centaur shoots an arrow of frost.
The arrow of frost hits you! You resist.
Erolcha zaps a wand.
Erolcha seems to speed up.
The centaur reads a scroll.
Wisps of shadow swirl around the centaur.
You see here an arrow.
The jackal dissolves into shadows!
Erolcha growls.
The centaur unwields an uncursed bow of frost.
The centaur barely misses you.
Erolcha points at you and mumbles some strange words.
You resist.
There is a stone staircase leading down here.
The centaur hits you. The jackal barely misses you.
The jackal closely misses you. Erolcha gestures at you while chanting.
The bolt of poison hits you!
You are poisoned.
You die...

####################
#.%................##
#.#############.....#####
#.# #.[....Y>.........
#.######.######z....#####
#.##......z#####hh.##
#.##.###.#.Y§Y§§@§.#
#.##. #...§§§###cO#
#.##.########§# #B.#
#.##..# #. #.r# #.###.##
#z #..# #......# #. #..#
#####..# #. #..# #..# #.#
#... #..######.# ##.#


You could see Erolcha, a goliath beetle, a yak, a centaur, a wight, 2 jackals
and a rat.

Vanquished Creatures
  Pikel (D:7)
  3 wyverns (D:9)
  2 hippogriffs
  A hungry ghost (D:6)
  A sky beast (D:5)
  An ice beast (D:7)
  A slave (D:7)
  3 ogres
  A giant goldfish (D:6)
  2 giant frogs (D:6)
  3 jellyfish (D:6)
  3 crimson imps
  3 wights (D:8)
  An orc priest (D:6)
  3 hounds (D:7)
  An iguana (D:4)
  A jelly (D:9)
  2 big fish (D:6)
  3 orc wizards
  A scorpion (D:9)
  2 worker ants
  An ogre zombie (D:9)
  Ijyb (D:2)
  5 gnolls
  5 adders
  A giant mite (D:1)
  A worm (D:8)
  A giant eyeball (D:6)
  3 giant geckos
  16 orcs
  A bat zombie (D:5)
  6 giant cockroaches
  8 hobgoblins
  9 jackals
  8 kobolds
  3 quokkas
  A ball python (D:3)
  11 bats
  5 giant newts
  16 goblins
  A hobgoblin skeleton (D:4)
  A hobgoblin zombie (D:6)
  A jackal skeleton (D:4)
  2 kobold zombies (D:6)
  An orc zombie (D:6)
  13 rats
160 creatures vanquished.

Vanquished Creatures (others)
  A fungus (D:7)
  A plant (D:7)
2 creatures vanquished.

Grand Total: 162 creatures vanquished

Notes
Turn   | Place    | Note
--------------------------------------------------------------
     0 | D:1      | Psiweapon, the Vampire Enchanter, began the quest for the Orb.
     0 | D:1      | Reached XP level 1. HP: 13/13 MP: 3/3
   532 | D:1      | Reached XP level 2. HP: 14/19 MP: 2/4
   655 | D:1      | Learned a level 2 spell: Ensorcelled Hibernation
   815 | D:2      | Found a radiant altar of Vehumet.
   822 | D:2      | Reached skill level 5 in Hexes
   853 | D:2      | Reached XP level 3. HP: 7/24 MP: 1/6
  1233 | D:2      | Reached XP level 4. HP: 25/30 MP: 3/7
  2350 | D:2      | Noticed Ijyb
  2555 | D:2      | You fall through a shaft!
  2638 | D:2      | Killed Ijyb
  2744 | D:2      | Reached XP level 5. HP: 35/35 MP: 9/9
  3422 | D:3      | Reached skill level 6 in Hexes
  3569 | D:4      | Found a staircase to the Ecumenical Temple.
  3582 | Temple   | Entered the Ecumenical Temple
  3628 | Temple   | Became a worshipper of Dithmenos
  3738 | D:4      | Noticed a phantom
  3744 | D:4      | Reached skill level 5 in Stealth
  3759 | D:5      | Entered Level 5 of the Dungeon
  4134 | D:6      | Noticed a sky beast
  4138 | D:6      | Paralysed by a giant eyeball for 2 turns
  4145 | D:5      | HP: 1/35 [sky beast (6)]
  4153 | D:5      | Killed a sky beast
  4153 | D:5      | Reached XP level 6. HP: 1/41 MP: 0/10
  4836 | D:5      | Found a shattered altar of Ashenzari.
  4976 | D:5      | Noticed Sigmund
  4976 | D:5      | Noticed a sky beast
  5255 | D:6      | Noticed an ogre
  5739 | D:5      | Noticed CrazyArbalest's ghost (experienced DsHu)
  5742 | D:6      | Reached skill level 7 in Hexes
  5742 | D:6      | Reached XP level 7. HP: 39/46 MP: 12/12
  5794 | D:6      | Learned a level 3 spell: Confuse
  5797 | D:6      | Learned a level 2 spell: Sure Blade
  5898 | D:6      | Noticed a giant goldfish
  5970 | D:6      | Noticed a giant goldfish
  5999 | D:6      | Reached skill level 5 in Dodging
  6076 | D:6      | Killed a giant goldfish
  6101 | D:6      | Reached skill level 5 in Short Blades
  6560 | D:6      | Reached skill level 8 in Hexes
  6886 | D:6      | Killed an ogre
  6886 | D:6      | Reached XP level 8. HP: 52/52 MP: 10/13
  7432 | D:8      | Noticed Erolcha
  7772 | D:7      | Reached skill level 9 in Stealth
  7817 | D:7      | Noticed Pikel
  7823 | D:7      | Killed Pikel
  7823 | D:7      | Reached XP level 9. HP: 57/57 MP: 14/14
  7892 | D:7      | Found a glowing silver altar of Zin.
  7957 | D:7      | Found a shattered altar of Ashenzari.
  7962 | D:7      | Saw a vision of the Swamp and the Spider Nest.
  7962 | D:7      | Noticed an alligator
  7962 | D:7      | Noticed an alligator
  7962 | D:7      | Noticed a baby alligator
  7962 | D:7      | Noticed a baby alligator
  7963 | D:7      | Noticed a baby alligator
  7968 | D:7      | Noticed a baby alligator
  8448 | D:9      | Reached skill level 10 in Stealth
  8448 | D:9      | Reached skill level 10 in Hexes
  8549 | D:8      | Killed from afar by Erolcha

Action                   |  1- 3 |  4- 6 |  7- 9 || total
-------------------------+-------+-------+-------++-------
Melee: Dagger            |    68 |   151 |   160 ||   379
       Cutlass           |       |    15 |       ||    15
Throw: Dart              |     6 |    10 |       ||    16
       Tomahawk          |     6 |    25 |     8 ||    39
 Cast: Corona            |    10 |     6 |       ||    16
       Ensorcelled Hiber |     9 |    59 |    56 ||   124
       Confuse           |       |       |    13 ||    13
 Abil: End Transformatio |       |     9 |     2 ||    11
       Bat Form          |       |     9 |     2 ||    11
       Bottle Blood      |       |       |     4 ||     4
Evoke: Wand              |       |       |     4 ||     4
  Use: Scroll            |     1 |     7 |     4 ||    12
       Potion            |       |     3 |     4 ||     7
 Stab: Sleeping          |    11 |    46 |    44 ||   101
       Distracted        |       |     1 |       ||     1
       Confused          |       |       |     5 ||     5
